 Dungeon Crawl Stone Soup version 0.23-b1-70-gd12f7cf (webtiles) character file.

Game seed: 3641203362023056422

26197 infcreate the Eclecticist (level 12, -6/59 HPs)
             Began as a Deep Elf Conjurer on Feb 6, 2019.
             Was an Elder of Vehumet.
             Mangled by a seven-headed hydra (15 damage)
             ... on level 2 of the Lair of Beasts.
             The game lasted 01:30:53 (16042 turns).

infcreate the Eclecticist (Deep Elf Conjurer)      Turns: 16042, Time: 01:30:53

Health: -6/59      AC:  5    Str:  5    XL:     12   Next: 96%
Magic:  17/35      EV: 34    Int: 26    God:    Vehumet [****..]
Gold:   937        SH:  0    Dex: 15    Spells: 22/45 levels left

rFire    + . .     SeeInvis +   A - staff of wizardry
rCold    + . .     Gourm    .   (no shield)
rNeg     + . .     Faith    .   G - +0 troll leather armour
rPois    .         Spirit   .   K - +0 hat {SInv}
rElec    .         Reflect  .   C - scarf {rC+ rF+}
rCorr    .         Harm     .   (no gloves)
MR       +....                  p - +0 pair of boots
Stlth    +++.......             v - amulet of the acrobat
HPRegen  0.59/turn              n - ring of see invisible
MPRegen  0.24/turn              D - ring of positive energy

@: acrobat
A: no striking features
a: Renounce Religion


You were on level 2 of the Lair of Beasts.
You worshipped Vehumet.
Vehumet was greatly pleased with you.
You were hungry.

You visited 3 branches of the dungeon, and saw 15 of its levels.

You collected 937 gold pieces.

Inventory:

Armour
 a - a +0 robe
 p - a +0 pair of boots (worn)
 C - a scarf of resistance (worn)
 G - a +0 troll leather armour (worn)
 K - a +0 hat of see invisible (worn)
Magical Staves
 y - an uncursed staff of fire
 A - an uncursed staff of wizardry (weapon)
Jewellery
 n - a ring of see invisible (left hand)
 v - an amulet of the acrobat (around neck)
 D - a ring of positive energy (right hand)
Wands
 s - a wand of digging (10)
 H - a wand of enslavement (3)
Scrolls
 d - 13 scrolls of identify
 h - 2 scrolls of immolation
 i - 6 scrolls of amnesia
 j - 3 scrolls of fog
 k - 12 scrolls of remove curse
 l - 14 scrolls of teleportation
 m - 2 scrolls of blinking
 t - a scroll of enchant weapon {unknown}
 x - 3 scrolls of random uselessness {unknown}
 z - a scroll of magic mapping {unknown}
 B - a scroll of fear {unknown}
 E - a scroll of holy word {unknown}
 F - a scroll of enchant armour {unknown}
Potions
 b - 2 potions of lignification
 e - 2 potions of brilliance
 f - 3 potions of haste
 g - a potion of might
 o - 3 potions of curing
 q - 5 potions of heal wounds
 r - a potion of flight
 u - a potion of cancellation
 w - 2 potions of ambrosia
 I - a potion of agility
 J - a potion of resistance {unknown}
Comestibles
 c - 20 rations


   Skills:
 * Level 11.9 Dodging
 + Level 5.4 Stealth
 + Level 17.3 Spellcasting
 + Level 14.6 Conjurations


You had 22 spell levels left.
You knew the following spells:

 Your Spells              Type           Power        Failure   Level  Hunger
a - Magic Dart            Conj           ####         0%          1    None
b - Searing Ray           Conj           ######       0%          2    None
c - Dazzling Spray        Conj/Hex       ######       1%          3    None
d - Iskenderun's Mystic   Conj           #######.     1%          4    None
e - Force Lance           Conj/Tloc      ######..     1%          4    None
f - Fulminant Prism       Conj/Hex       ######....   1%          4    None
g - Yara's Violent Unrav  Hex/Tmut       ###.......   12%         5    None

Your spell library contained the following spells:

 Spells                   Type           Power        Failure   Level  Hunger
 Bolt of Draining         Conj/Necr      ######....   1%          5    None
 Animate Skeleton         Necr           N/A          1%          1    None
 Pain                     Necr           ###.         1%          1    None
 Sandblast                Erth           ###...       1%          1    None
 Shock                    Conj/Air       ####         1%          1    None
 Summon Butterflies       Summ           ###.....     1%          1    None
 Throw Frost              Conj/Ice       ######       1%          2    None
 Static Discharge         Conj/Air       ######..     1%          3    None
 Stone Arrow              Conj/Erth      ######       1%          3    None
 Fireball                 Conj/Fire      ######....   1%          5    None
 Venom Bolt               Conj/Pois      ######....   1%          5    None
 Passwall                 Tmut/Erth      ###.....     2%          2    None
 Call Canine Familiar     Summ           ###.....     4%          3    None
 Regeneration             Chrm/Necr      ###.......   4%          3    None
 Vampiric Draining        Necr           ###.......   4%          3    None
 Lee's Rapid Deconstruct  Erth           ###.......   12%         5    None
 Animate Dead             Necr           N/A          16%         4    None
 Petrify                  Tmut/Erth      ###.....     16%         4    None
 Summon Ice Beast         Ice/Summ       ###.....     16%         4    None
 Summon Mana Viper        Hex/Summ       ###.....     38%         5    None
 Summon Hydra             Summ           ###.......   100%        7    #####..


Dungeon Overview and Level Annotations

Branches:
Dungeon (12/15)            Temple (1/1) D:4            Lair (2/6) D:9
  Swamp (0/4) Lair:2          Orc (0/2) D:12
  Snake: Lair:2-4    Spider: Lair:2-4

Altars:
Ashenzari
Cheibriados
Dithmenos
Elyvilon
Fedhas
Gozag
Hepliaklqana
Kikubaaqudgha
Makhleb
Nemelex Xobeh
Okawaru
Qazlal
Ru
Sif Muna
Trog
Uskayaw
Vehumet
Wu Jian
Xom
Yredelemnul
Zin
The Shining One

Shops:
D:5 *   D:12 [


Message History

You finish channeling your searing ray.
Casting: Searing Ray (safe; 0% risk of failure)
Confirm with . or Enter, or press ? or * to list all spells.
Aiming: Searing Ray (safe; 0% risk of failure)
Press: ? - help, Shift-Dir - straight line, f/p - seven-headed hydra
Aim: a seven-headed hydra (moderately wounded)
The searing ray hits the seven-headed hydra!
The seven-headed hydra is moderately wounded. (Press . to maintain the ray.)
The seven-headed hydra bites you!
The seven-headed hydra bites you but does no damage.
The seven-headed hydra bites you! x3
* * * LOW HITPOINT WARNING * * *
The seven-headed hydra barely misses you.
The seven-headed hydra bites you!
* * * LOW HITPOINT WARNING * * *
The searing ray hits the seven-headed hydra!
The seven-headed hydra is heavily wounded.
The seven-headed hydra bites you!
You die...

##### ## ####...# ######
#.###.##..##### #[.#.#
#.........#P.#
#...#####............#
......P#....<...@...##
................D....#
.....#...............##
......###.............#
......####............##
.......# #.............#
......## #.............#
......## #............##
......>#
##............###


You could see a seven-headed hydra.

Vanquished Creatures
  Gastronok (Lair:1)
  Harold (Lair:2)
  Erica (D:8)
  2 two-headed ogres
  Urug (Lair:1)
  Sonja (Lair:1)
  Nergalle (D:11)
  An unseen horror (D:10)
  Pikel (D:7)
  A cyclops (D:12)
  An ugly thing (D:11)
  A black mamba (Lair:1)
  A rime drake (Lair:2)
  A kobold demonologist (D:10)
  2 komodo dragons
  A queen bee (D:9)
  2 trolls
  Prince Ribbit (D:6)
  5 hippogriffs
  27 yaks
  A vampire (D:9)
  A basilisk (Lair:2)
  A wyvern (D:11)
  Eustachio (D:4)
  A steam dragon (D:7)
  2 hungry ghosts
  A swamp worm (Lair:2)
  8 water moccasins
  A soldier ant (D:12)
  4 porcupines
  2 sky beasts
  2 phantoms
  7 orc warriors
  A slave (D:7)
  A black bear (D:11)
  A hornet zombie (D:9)
  3 ogres
  2 necrophages
  5 ice beasts
  6 centaurs
  3 crocodiles (Lair:1)
  19 big kobolds
  10 bullfrogs
  A wyvern zombie (D:10)
  A wyvern skeleton (D:10)
  5 scorpions
  2 water moccasin skeletons
  3 wights (D:9)
  17 killer bees
  3 howler monkeys
  An electric eel (Lair:2)
  4 crimson imps
  A bullfrog zombie (D:8)
  3 quasits (D:8)
  6 hounds
  3 centaur zombies
  10 orc wizards
  5 centaur skeletons
  4 jellies
  6 orc priests
  2 bullfrog skeletons
  Jessica (D:3)
  8 worker ants
  2 iguanas
  A hound zombie (D:7)
  A hound skeleton (D:4)
  2 worker ant zombies
  11 adders
  3 shadow imps
  An ooze (D:1)
  2 adder zombies
  2 adder skeletons (D:5)
  A worm (D:2)
  2 dart slugs
  7 leopard geckos
  53 orcs
  A bat zombie (D:1)
  7 giant cockroaches
  2 goblins
  9 hobgoblins
  6 jackals
  A quokka (D:10)
  3 bats
  3 frilled lizards
  19 kobolds
  2 leopard gecko skeletons (D:5)
  7 rats
  2 fulminant prisms (Lair:2)
  2 plants (Lair:2)
374 creatures vanquished.

Vanquished Creatures (others)
  An oklob plant (Lair:2)
  46 fulminant prisms
  6 fungi
  9 plants
62 creatures vanquished.

Grand Total: 436 creatures vanquished

Notes
Turn   | Place    | Note
-------+----------+-------------------------------------------
     0 | D:1      | infcreate the Deep Elf Conjurer began the quest for the
                  | Orb.
     0 | D:1      | Reached XP level 1. HP: 10/10 MP: 6/6
   147 | D:1      | Reached XP level 2. HP: 15/15 MP: 6/8
   152 | D:1      | Learned a level 2 spell: Searing Ray
   337 | D:1      | Reached skill level 5 in Conjurations
   844 | D:2      | Reached XP level 3. HP: 19/19 MP: 4/9
   945 | D:2      | Learned a level 3 spell: Dazzling Spray
  1105 | D:2      | Reached XP level 4. HP: 21/24 MP: 0/11
  1226 | D:2      | Found a sparkling altar of Nemelex Xobeh.
  1883 | D:3      | Reached skill level 4 in Spellcasting
  1883 | D:3      | Reached XP level 5. HP: 28/28 MP: 3/13
  2041 | D:3      | Noticed an ogre
  2047 | D:3      | Killed an ogre
  2170 | D:3      | Reached skill level 5 in Spellcasting
  2170 | D:3      | Reached XP level 6. HP: 19/32 MP: 7/15
  2334 | D:3      | Noticed Jessica
  2337 | D:3      | Killed Jessica
  2343 | D:3      | Learned a level 4 spell: Iskenderun's Mystic Blast
  3014 | D:4      | Reached skill level 6 in Spellcasting
  3014 | D:4      | Reached XP level 7. HP: 24/36 MP: 11/18
  3255 | D:4      | Found a staircase to the Ecumenical Temple.
  3286 | Temple   | Entered the Ecumenical Temple
  3337 | Temple   | Became a worshipper of Vehumet
  3543 | D:4      | Reached skill level 5 in Dodging
  3746 | D:4      | Reached skill level 7 in Spellcasting
  3798 | D:4      | Noticed Eustachio
  3810 | D:4      | Killed Eustachio
  3810 | D:4      | Reached XP level 8. HP: 36/41 MP: 3/21
  3833 | D:4      | Learned a level 4 spell: Force Lance
  3838 | D:4      | Learned a level 4 spell: Fulminant Prism
  3869 | D:5      | Entered Level 5 of the Dungeon
  4055 | D:5      | Reached skill level 8 in Spellcasting
  4082 | D:5      | Reached * piety under Vehumet
  4082 | D:5      | Offered knowledge of Freeze by Vehumet.
  4118 | D:5      | Found Xiessoaz's Assorted Antiques.
  4652 | D:6      | Reached skill level 9 in Spellcasting
  4788 | D:6      | Noticed Prince Ribbit
  4804 | D:6      | Killed Prince Ribbit
  5194 | D:7      | Reached XP level 9. HP: 45/45 MP: 14/24
  5523 | D:7      | Reached skill level 10 in Spellcasting
  5733 | D:7      | Noticed Pikel
  5750 | D:7      | Killed Pikel
  5750 | D:7      | Reached skill level 5 in Stealth
  5976 | D:8      | Reached skill level 11 in Spellcasting
  6042 | D:8      | Reached ** piety under Vehumet
  6070 | D:8      | Offered knowledge of Throw Frost by Vehumet.
  6164 | D:8      | Noticed Erica
  6235 | D:8      | Killed Erica
  6235 | D:8      | Reached skill level 10 in Conjurations
  6235 | D:8      | Reached XP level 10. HP: 50/50 MP: 11/27
  6465 | D:8      | Reached skill level 12 in Spellcasting
  6706 | D:8      | Identified 3 scrolls of acquirement
  6773 | D:8      | Identified the Collected Works on Attacks (You acquired it
                  | on level 8 of the Dungeon)
  7656 | D:9      | Offered knowledge of Conjure Flame by Vehumet.
  7662 | D:9      | Found a staircase to the Lair.
  7808 | D:9      | Reached *** piety under Vehumet
  7865 | D:9      | Reached skill level 13 in Spellcasting
  8150 | D:10     | Entered Level 10 of the Dungeon
  8278 | D:10     | Noticed a two-headed ogre
  8776 | D:10     | Killed a two-headed ogre
  8832 | D:10     | Reached XP level 11. HP: 44/54 MP: 10/30
  8930 | D:10     | Offered knowledge of Throw Icicle by Vehumet.
  8936 | D:10     | Noticed an unseen horror
  8964 | D:10     | Killed an unseen horror
  9235 | D:10     | Reached skill level 14 in Spellcasting
  9474 | D:10     | Reached **** piety under Vehumet
  9562 | D:10     | Offered knowledge of Bolt of Magma by Vehumet.
  9943 | D:11     | Noticed a green ugly thing
  9952 | D:11     | Killed a green ugly thing
 10697 | D:11     | Noticed Nergalle
 10704 | D:11     | Killed Nergalle
 10704 | D:11     | Reached skill level 10 in Dodging
 11251 | D:11     | Reached skill level 15 in Spellcasting
 11718 | D:12     | Reached ***** piety under Vehumet
 11719 | D:12     | Offered knowledge of Yara's Violent Unravelling by Vehumet.
 11721 | D:12     | Found Moitiga's Armour Shoppe.
 11879 | D:12     | Found a staircase to the Orcish Mines.
 11888 | D:12     | Learned a level 5 spell: Yara's Violent Unravelling
 11914 | D:12     | Noticed a two-headed ogre
 12123 | D:12     | Killed a two-headed ogre
 12401 | D:12     | Reached XP level 12. HP: 59/59 MP: 5/33
 12951 | Lair:1   | Entered Level 1 of the Lair of Beasts
 12988 | Lair:1   | Noticed Gastronok
 13174 | Lair:1   | Noticed Urug
 13177 | Lair:1   | Noticed Sonja
 13220 | Lair:1   | Killed Urug
 13412 | Lair:1   | Killed Sonja
 13620 | Lair:1   | Reached skill level 16 in Spellcasting
 14330 | Lair:1   | Killed Gastronok
 14642 | Lair:2   | Noticed Harold
 14794 | Lair:2   | Killed Harold
 15091 | Lair:2   | Offered knowledge of Bolt of Draining by Vehumet.
 15091 | Lair:2   | Reached skill level 17 in Spellcasting
 15613 | Lair:2   | Found a staircase to the Swamp.
 15972 | Lair:2   | Noticed a seven-headed hydra
 16042 | Lair:2   | Mangled by a seven-headed hydra

Skill      XL: |  1  2  3  4  5  6  7  8  9 10 11 12 |
---------------+-------------------------------------+-----
Conjurations   | 5 6 7 8 9 10 11 13 14 | 14.6
Dodging        | 3 4 5 6 8 9 10 11 | 11.9
Spellcasting   | 4 5 6 7 9 11 13 15 17 | 17.3
Stealth        | 3 4 5 |  5.4

Action                   |  1- 3 |  4- 6 |  7- 9 | 10-12 || total
-------------------------+-------+-------+-------+-------++-------
Melee: Unarmed           |       |     1 |       |       ||     1
       Staff             |       |       |       |    13 ||    13
 Cast: Magic Dart        |    53 |    84 |   120 |   150 ||   407
       Searing Ray       |     1 |    10 |    34 |    74 ||   119
       Iskenderun's Myst |       |       |    21 |   287 ||   308
       Fulminant Prism   |       |       |     1 |    47 ||    48
  Use: Scroll            |       |     5 |     1 |    16 ||    22
  Eat: Chunk             |       |     6 |    10 |    22 ||    38
       Ration            |       |       |       |     2 ||     2
Armor: Robe              |     2 |       |     2 |     7 ||    11
       Troll leather arm |       |       |       |     7 ||     7
Dodge: Dodged            |     9 |    14 |    57 |   285 ||   365
